General information
			
			
        
        - name: 1v1 obs tm #2 With Crueljustice
 
        - type: Custom game
 
        - host: TALONSAREIMBA
 
        - saver: TALONSAREIMBA
 
        
map: TwistedMeadows 
        - players: 11
 
        - length: 30:01
 
        - speed: Fast
 - version: 1.22 W3XP
 - replay type:  Public
 
» download(252 KB)
Players
        team 1 (winner) 
              
              
TALONSAREIMBA (
pink | 140 APM | 4206 actions | 30:01)
              
 5 Death Knight 
 3 Death Coil
 2 Unholy Aura
 3 Lich 
 2 Frost Nova
 1 Frost Armor
 4 Dreadlord 
 2 Sleep
 2 Carrion Swarm
 
                » actions 
                
                | Assign group hotkey | 40 |  | 
| Basic commands | 294 |  | 
| Build / train | 115 |  | 
| ESC pressed | 9 |  | 
| Enter build submenu | 38 |  | 
| Enter hero's abilities submenu | 12 |  | 
| Give item / drop item | 5 |  | 
| Right click | 1771 |  | 
| Select / deselect | 931 |  | 
| Select group hotkey | 844 |  | 
| Use ability | 146 |  | 
                4206 total
 » units 
                
                | Acolyte | 25 |  | 
| Ghoul | 6 |  | 
| Crypt Fiend | 9 |  | 
| Frost Wyrm | 10 |  | 
| Gargoyle | 6 |  | 
                56 total
 » upgrades
                
                | Web | 1 |  | 
| Creature Attack | 3 |  | 
| Creature Carapace | 3 |  | 
                7 total
 » buildings
                
                | Crypt | 2 |  | 
| Graveyard | 1 |  | 
| Altar of Darkness | 1 |  | 
| Ziggurat | 12 |  | 
| Tomb of Relics | 3 |  | 
| Nerubian Tower | 1 |  | 
| Halls of the Dead | 1 |  | 
| Spirit Tower | 7 |  | 
| Necropolis | 4 |  | 
| Black Citadel | 1 |  | 
| Sacrificial Pit | 1 |  | 
| Boneyard | 1 |  | 
| Temple of the Damned | 1 |  | 
                36 total
 » build order
                00:04 Crypt
00:17 Graveyard
00:41 Altar of Darkness
00:56 Ziggurat
01:23 Tomb of Relics
02:01 Ziggurat
02:27 Nerubian Tower
04:47 Halls of the Dead
05:41 Spirit Tower
06:16 Ziggurat
06:17 Ziggurat
06:18 Necropolis
07:24 Ziggurat
07:29 Ziggurat
08:05 Black Citadel
08:08 Spirit Tower
08:09 Spirit Tower
08:36 Spirit Tower
08:51 Ziggurat
08:56 Sacrificial Pit
09:35 Ziggurat
09:53 Ziggurat
10:30 Boneyard
10:50 Spirit Tower
11:58 Necropolis
12:45 Spirit Tower
14:48 Crypt
15:25 Necropolis
18:53 Ziggurat
19:49 Necropolis
20:03 Temple of the Damned
20:04 Tomb of Relics
20:11 Tomb of Relics
20:55 Ziggurat
21:16 Ziggurat
23:11 Spirit Tower
» items
                
                | Rod of Necromancy | 2 |  | 
| Scroll of Town Portal | 12 |  | 
| Orb of Corruption | 3 |  | 
| Potion of Healing | 1 |  | 
| Potion of Mana | 8 |  | 
| Scroll of Healing | 1 |  | 
                27 total
  
               team 2 (loser) 
              
              
IPRACTICE2SUCK (
purple | 242 APM | 7266 actions | 30:00)
              
 5 Death Knight 
 3 Death Coil
 2 Unholy Aura
 4 Lich 
 2 Frost Nova
 2 Dark Ritual
 4 Dark Ranger 
 2 Silence
 2 Black Arrow
 
                » actions 
                
                | Assign group hotkey | 64 |  | 
| Basic commands | 151 |  | 
| Build / train | 159 |  | 
| Enter build submenu | 23 |  | 
| Enter hero's abilities submenu | 16 |  | 
| Give item / drop item | 18 |  | 
| Remove unit from queue | 8 |  | 
| Right click | 2787 |  | 
| Select / deselect | 1128 |  | 
| Select group hotkey | 2677 |  | 
| Use ability | 235 |  | 
                7266 total
 » units 
                
                | Acolyte | 34 |  | 
| Ghoul | 8 |  | 
| Crypt Fiend | 19 |  | 
| Gargoyle | -2 |  | 
| Obsidian Statue | 13 |  | 
                72 total
 » upgrades
                
                | Creature Attack | 1 |  | 
| Destroyer Form | 1 |  | 
| Web | 1 |  | 
| Creature Carapace | 1 |  | 
| Burrow | 1 |  | 
| Cannibalize | 1 |  | 
                6 total
 » buildings
                
                | Crypt | 1 |  | 
| Graveyard | 2 |  | 
| Altar of Darkness | 1 |  | 
| Ziggurat | 9 |  | 
| Tomb of Relics | 3 |  | 
| Halls of the Dead | 3 |  | 
| Nerubian Tower | 2 |  | 
| Black Citadel | 4 |  | 
| Slaughterhouse | 1 |  | 
| Necropolis | 1 |  | 
| Sacrificial Pit | 1 |  | 
| Boneyard | 1 |  | 
| Spirit Tower | 3 |  | 
                32 total
 » build order
                00:04 Crypt
00:05 Graveyard
00:40 Altar of Darkness
00:56 Ziggurat
01:36 Tomb of Relics
01:38 Tomb of Relics
02:01 Ziggurat
03:55 Halls of the Dead
03:55 Halls of the Dead
03:55 Halls of the Dead
05:00 Ziggurat
05:01 Nerubian Tower
05:01 Nerubian Tower
07:13 Black Citadel
07:13 Black Citadel
07:13 Black Citadel
07:13 Black Citadel
08:30 Slaughterhouse
08:31 Ziggurat
10:41 Ziggurat
12:47 Necropolis
13:57 Tomb of Relics
16:53 Sacrificial Pit
17:46 Boneyard
19:47 Ziggurat
19:48 Ziggurat
20:46 Ziggurat
20:47 Ziggurat
21:56 Spirit Tower
21:56 Spirit Tower
21:56 Spirit Tower
29:57 Graveyard
» items
                
                | Rod of Necromancy | 7 |  | 
| Dust of Appearance | 1 |  | 
| Potion of Healing | 3 |  | 
| Orb of Corruption | 2 |  | 
| Potion of Lesser Invulnerability | 2 |  | 
| Scroll of Healing | 1 |  | 
| Scroll of Town Portal | 9 |  | 
                25 total
  
               observersSoldRush450cent, 
Clinton.Portis, 
GangstaTank, 
houshmandzadeh, 
hugoraven23, 
duy1983, 
Lawlzorzzz, 
Drew.Brees., 
Ep1c_Fa1L Chat log
          (00:06 / All) TALONSAREIMBA: havent touched ud
(00:09 / All) TALONSAREIMBA: in a while
(00:14 / All) IPRACTICE2SUCK: ur so finished
(00:20 / All) TALONSAREIMBA: we'll see
(00:25 / All) IPRACTICE2SUCK: no i mean
(00:27 / All) IPRACTICE2SUCK: ur finished
(00:31 / All) IPRACTICE2SUCK: As in ur gonna get raped
(00:32 / All) TALONSAREIMBA: hehehe
(00:41 / All) IPRACTICE2SUCK: obs
(00:43 / All) IPRACTICE2SUCK: Take ur bets
(01:03 / All) IPRACTICE2SUCK: i rape deuce in mirror 
(01:04 / All) TALONSAREIMBA: aesop rock style
(01:05 / All) IPRACTICE2SUCK: how u expect
(01:06 / All) IPRACTICE2SUCK: To beat me
(01:15 / All) TALONSAREIMBA: im 1-1 ud mirror
(01:16 / All) TALONSAREIMBA: vs u
(01:18 / All) TALONSAREIMBA: remember that
(01:24 / All) IPRACTICE2SUCK: ?
(01:25 / All) IPRACTICE2SUCK: nope
(01:33 / All) TALONSAREIMBA: hey remember that game i lost all 3 heroes
(01:34 / All) TALONSAREIMBA: and still won
(01:52 / All) TALONSAREIMBA: lol
(02:29 / All) IPRACTICE2SUCK: i wonder
(02:31 / All) IPRACTICE2SUCK: how badly
(02:37 / All) IPRACTICE2SUCK: The obs are criticizing u right now
(02:49 / All) IPRACTICE2SUCK: btw
(02:50 / All) IPRACTICE2SUCK: little tip
(02:51 / All) TALONSAREIMBA: tbht hey all noobs
(02:53 / All) TALONSAREIMBA: besides bender
(03:04 / All) IPRACTICE2SUCK: when they have no scout 
(03:05 / All) IPRACTICE2SUCK: they fiend
(03:07 / All) IPRACTICE2SUCK: grab dust
(03:09 / All) IPRACTICE2SUCK: with ur rod
(03:12 / All) IPRACTICE2SUCK: For tier 2 burrowq
(05:27 / All) TALONSAREIMBA: yeah right
(14:41 / All) TALONSAREIMBA: Wow
(16:37 / All) IPRACTICE2SUCK: talons
(16:38 / All) IPRACTICE2SUCK: u cant win
(16:40 / All) IPRACTICE2SUCK: leave
(17:56 / All) TALONSAREIMBA: u kidding me
(30:00 / All) IPRACTICE2SUCK: Gg